Map: [ESL] Oceanborn

Players

Serral - Winner!

  • Race: Zerg Zerg
  • Spawn Location: 5:00

Dark

  • Race: Zerg Zerg
  • Spawn Location: 11:00

Event: IEM Katowice 2024

VOD

Have the link to the VOD?

Description

Time

  • Played on: Feb. 11, 2024, 10:39 a.m.
  • Length: 10:31

All games in this series

Show
View Real Time Build Order
Export as new Build Order

Serral Zerg - Winner!

Build Orders: Hatch First 

Get SALT Encoding   

  12  0:00  Drone  
  13  0:12  Overlord  
  13  0:16  Drone  
  14  0:30  Drone x2  
  16  0:47  Hatchery  
  15  0:51  Drone  
  15  0:54  Drone  
  17  0:57  Drone  
  18  1:08  Extractor  
  17  1:12  Spawning Pool  
  17  1:15  Drone  
  17  1:19  Drone  
  18  1:27  Drone  
  19  1:38  Drone  
  20  1:49  Drone  
  21  1:59  Queen x2  
  21  2:00  Zergling x2, Overlord  
  26  2:09  Metabolic Boost  
  26  2:10  Drone  
  26  2:11  Drone  
  28  2:22  Drone x2  
  30  2:32  Hatchery  
  30  2:35  Drone  
  30  2:38  Drone  
  30  2:43  Drone  
  32  2:47  Baneling Nest  
  32  2:49  Overlord  
  31  2:53  Zergling x2  
  31  2:55  Drone  
  33  3:04  Drone x2  
  35  3:08  Drone x3  
  35  3:10  Overlord  
  39  3:12  Zergling x2  
  39  3:14  Zergling x2  
  39  3:17  Zergling x2  
  41  3:21  Zergling x2  
  41  3:24  Queen  
  44  3:30  Roach Warren  
  44  3:32  Drone  
  44  3:36  Drone  
  44  3:40  Drone x3  
  48  3:44  Drone  
  48  3:45  Overlord  
  48  3:48  Drone x2  
  51  3:53  Overlord  
  50  3:56  Drone  
  50  3:59  Drone x2  
  53  4:10  Extractor, Roach  
  53  4:11  Roach x3  
  53  4:12  Roach  
  53  4:17  Roach x2, Evolution Chamber  
  65  4:21  Overlord  
  65  4:25  Zergling x4  
  65  4:27  Baneling  
  65  4:29  Baneling  
  65  4:31  Overlord  
  67  4:32  Zergling x6  
  67  4:38  Zergling x6  
  73  4:43  Drone, Baneling  
  73  4:44  Drone, Baneling  
  75  4:46  Drone x3  
  75  4:49  Overlord  
  75  4:52  Drone x3  
  80  4:56  Lair  
  80  5:01  Drone x2  
  80  5:02  Drone  
  80  5:06  Extractor, Drone  
  80  5:07  Drone, Extractor  
  84  5:14  Zerg Missile Weapons Level 1, Drone x2  
  82  5:15  Drone  
  82  5:17  Drone  
  82  5:18  Drone x2  
  82  5:20  Overlord  
  88  5:22  Roach  
  88  5:26  Roach  
  88  5:27  Roach  
  94  5:29  Overlord  
  94  5:33  Roach x2  
  97  5:36  Spine Crawler  
  97  5:39  Roach  
  97  5:40  Roach, Spine Crawler  
  98  5:43  Overlord  
  98  5:47  Roach x2  
  102  5:50  Overlord  
  102  5:54  Roach x3  
  108  6:01  Spine Crawler  
  108  6:03  Roach x2  
  108  6:04  Roach x2  
  113  6:08  Overlord  
  113  6:12  Roach x3  
  113  6:17  Overlord  
  119  6:24  Roach x4  
  124  6:28  Roach  
  116  6:35  Roach x3  
  116  6:39  Roach x2  
  113  6:42  Roach  
  113  6:44  Roach  
  113  6:46  Roach  
  99  6:48  Roach  
  99  6:51  Roach  
  92  6:54  Roach  
  92  6:56  Roach  
  92  6:59  Roach  
  92  7:00  Roach  
  92  7:04  Roach  
  92  7:06  Roach  
  90  7:09  Roach  
  90  7:12  Roach  
  90  7:13  Roach  
  84  7:16  Roach  
  84  7:18  Roach  
  84  7:20  Roach  
  80  7:23  Roach  
  80  7:27  Roach  
  80  7:28  Roach  
  76  7:32  Roach  
  78  7:38  Glial Reconstitution  
  78  7:42  Roach x2  
  82  7:48  Queen  
  84  7:52  Roach x2  
  84  7:53  Overseer  
  88  8:05  Drone  
  89  8:07  Roach x4  
  89  8:09  Roach  
  89  8:11  Roach  
  101  8:16  Roach  
  103  8:20  Roach x2  
  103  8:24  Roach  
  103  8:25  Extractor  
  108  8:30  Roach x2  
  112  8:34  Queen  
  112  8:38  Ravager x4  
  112  8:40  Roach  
  121  8:42  Roach  
  121  8:46  Ravager  
  124  8:50  Roach  
  124  8:51  Roach  
  124  8:53  Roach  
  130  8:56  Roach  
  130  8:57  Roach  
  130  8:59  Overlord  
  134  9:04  Roach x2  
  134  9:05  Roach  
  134  9:09  Overlord  
  140  9:13  Roach x2  
  128  9:25  Roach x4  
  112  9:32  Roach x3  
  112  9:33  Roach  
  112  9:34  Roach  
  112  9:38  Roach  
  118  9:43  Roach x2  
  120  9:46  Roach  
  120  9:47  Roach  
  120  9:48  Roach  
  120  9:50  Roach  
  114  9:54  Roach  
  114  9:57  Roach  
  114  9:58  Roach  
  114  10:04  Roach  
  112  10:07  Roach  
  112  10:10  Roach  
Show
View Real Time Build Order
Export as new Build Order

Dark Zerg 

Build Orders: Hatch First 

Get SALT Encoding   

  12  0:00  Drone  
  13  0:12  Overlord  
  13  0:17  Drone  
  14  0:30  Drone x2  
  16  0:48  Hatchery  
  15  0:52  Drone  
  15  0:55  Drone  
  17  0:58  Drone  
  18  1:09  Extractor  
  17  1:13  Spawning Pool  
  17  1:16  Drone  
  17  1:19  Drone  
  18  1:29  Drone  
  19  1:38  Drone  
  20  1:49  Drone  
  21  2:00  Queen x2  
  25  2:02  Drone  
  25  2:03  Overlord  
  26  2:12  Drone x2, Metabolic Boost  
  29  2:22  Zergling x2  
  29  2:24  Drone  
  30  2:34  Hatchery  
  30  2:36  Drone  
  30  2:37  Drone  
  31  2:45  Queen  
  33  2:52  Baneling Nest  
  33  2:54  Overlord  
  32  2:58  Drone  
  32  3:00  Drone  
  32  3:02  Drone  
  35  3:05  Drone  
  36  3:13  Drone x4  
  36  3:17  Overlord  
  41  3:20  Zergling x2  
  41  3:23  Zergling x2  
  41  3:24  Drone  
  43  3:29  Zergling x2  
  44  3:37  Drone x2  
  46  3:41  Drone x2  
  46  3:46  Drone  
  46  3:47  Drone x4  
  53  3:49  Extractor  
  53  3:52  Roach Warren  
  53  3:54  Drone  
  53  3:55  Drone  
  53  4:01  Overlord  
  53  4:05  Overlord  
  53  4:07  Zergling x2  
  54  4:13  Drone, Extractor  
  54  4:15  Evolution Chamber  
  53  4:23  Drone  
  54  4:31  Roach x5  
  54  4:32  Roach x4  
  54  4:33  Overlord  
  54  4:35  Baneling  
  72  4:39  Overlord  
  72  4:40  Baneling x4  
  72  4:41  Baneling x2  
  72  4:42  Roach  
  73  4:54  Roach x3  
  73  4:58  Roach  
  73  4:59  Roach  
  83  5:05  Overlord  
  83  5:11  Roach x3  
  83  5:13  Overlord  
  89  5:14  Overlord x2  
  89  5:17  Overlord  
  89  5:19  Overlord  
  89  5:25  Roach x2  
  89  5:27  Roach  
  95  5:29  Roach  
  95  5:32  Roach  
  95  5:34  Roach  
  101  5:36  Roach  
  101  5:38  Roach  
  101  5:41  Roach  
  107  5:44  Roach  
  107  5:48  Zergling x6  
  107  5:49  Zergling x2  
  113  5:53  Zergling x6  
  116  6:02  Zergling x10  
  121  6:10  Zergling x6  
  123  6:13  Zergling x2  
  122  6:27  Zergling x2  
  122  6:28  Zergling x14  
  123  6:32  Zergling x2  
  123  6:39  Zergling x2  
  110  6:40  Zergling x4  
  110  6:45  Zergling x6  
  101  6:51  Zergling x14  
  97  6:56  Zergling x2  
  97  7:00  Ravager  
  97  7:01  Zergling x4  
  91  7:04  Zerg Missile Weapons Level 1, Lair  
  83  7:09  Zergling x4  
  83  7:11  Queen  
  83  7:13  Drone  
  82  7:18  Drone x4  
  76  7:27  Drone x3  
  76  7:28  Drone x2  
  69  7:33  Roach  
  70  7:37  Drone  
  70  7:38  Roach x2  
  70  7:40  Queen  
  77  7:47  Drone x3  
  80  7:57  Roach  
  82  7:58  Drone x2  
  82  7:59  Extractor x2  
  82  8:03  Glial Reconstitution  
  82  8:05  Drone x2, Roach  
  86  8:06  Spire  
  86  8:07  Overseer  
  86  8:10  Drone x2  
  86  8:11  Extractor  
  86  8:18  Roach x2  
  86  8:19  Roach  
  92  8:22  Drone x2  
  92  8:24  Overlord  
  92  8:25  Roach  
  96  8:30  Roach x3  
  96  8:31  Roach  
  96  8:33  Roach  
  106  8:35  Hatchery  
  106  8:37  Roach  
  106  8:40  Roach x2  
  111  8:51  Roach x3  
  111  8:52  Roach x2  
  121  8:58  Roach x2  
  121  8:59  Spine Crawler x2, Ravager x2  
  121  9:00  Ravager  
  121  9:01  Ravager, Spine Crawler  
  121  9:02  Ravager x2  
  129  9:04  Roach x4  
  134  9:20  Mutalisk  
  134  9:22  Roach x2  
  131  9:29  Roach x2  
  131  9:31  Roach  
  114  9:34  Roach  
  114  9:35  Roach  
  114  9:37  Roach  
  109  9:41  Roach  
  109  9:43  Roach  
  105  9:48  Roach  
  89  9:53  Roach x2  
  80  10:00  Hatchery  
  80  10:06  Mutalisk  

Tags
 
Add a new tag
Caveats
  • Supply blocks, unpowered buildings, or Contaminate may cause inaccurate times.
  • Supply counts are checked every 10 seconds.